 Dungeon Crawl Stone Soup version 0.29.1-13-g9f3cf754e1 (webtiles) character file.

Game seed: 12390623554370016799

1039 wrenrar the Cleaver (level 8, -2/67 (69) HPs)
             Began as a Minotaur Fighter on Jan 29, 2023.
             Was a Follower of Makhleb.
             Slain by a sky beast (6 damage)
             ... on level 6 of the Dungeon.
             The game lasted 00:14:00 (5541 turns).

wrenrar the Cleaver (Minotaur Fighter)              Turns: 5541, Time: 00:14:01

HP:   -2/67 (69)    AC:  7    Str: 23 (24) XL:     8   Next: 4%
MP:   7/7           EV:  9    Int:  0 (3)  God:    Makhleb [*.....]
Gold: 238           SH:  6    Dex:  8 (9)  Spells: 7/7 levels left

rFire   + . .      SeeInvis .   a - +0 war axe
rCold   . . .      Faith    .   i - +2 buckler "Yxzomau" {rF+}
rNeg    . . .      Spirit   .   b - +0 scale mail
rPois   .          Reflect  .   (helmet restricted)
rElec   .          Harm     .   (no cloak)
rCorr   .          Rampage  .   (no gloves)
Will    .....                   (no boots)
Stlth   ..........              (no amulet)
HPRegen 0.21/turn               (no ring)
MPRegen 0.10/turn               (no ring)

@: slowed, lost intelligence, lightly drained, unable to read, very slow
A: horns 2, retaliatory headbutt, beak, dopey 1, MP-powered wands
a: Renounce Religion


You were on level 6 of the Dungeon.
You worshipped Makhleb.
Makhleb was aware of your devotion.
You visited 1 branch of the dungeon, and saw 6 of its levels.

You collected 238 gold pieces.

Inventory:

Hand Weapons
 a - a +0 war axe (weapon)
Armour
 b - a +0 scale mail (worn)
 c - a +0 buckler
 i - the +2 buckler "Yxzomau" (worn) {rF+}
   (You acquired it on level 3 of the Dungeon)

   rF:        It protects you from fire.
Jewellery
 q - a ring of ice
Wands
 z - a wand of polymorph (4)
Scrolls
 f - 2 scrolls of fog
 g - a scroll of vulnerability
 j - 2 scrolls of blinking
 k - a scroll of magic mapping {unknown}
 l - 5 scrolls of teleportation {unknown}
 n - a scroll of enchant weapon {unknown}
 p - a scroll of noise
 r - a scroll of enchant armour {unknown}
 t - a scroll of fear
Potions
 d - 2 potions of might
 e - 3 potions of curing
 h - 3 potions of magic
 m - 3 potions of lignification
 o - a potion of haste
 s - a potion of berserk rage {unknown}
 v - a potion of flight
 w - a potion of heal wounds


   Skills:
 * Level 5.5 Fighting
 + Level 8.9 Axes
 * Level 5.5 Armour
 * Level 5.5 Shields


You had 7 spell levels left.
You didn't know any spells.
Your spell library contained the following spells:

 Spells                   Type           Power      Damage    Failure   Level
 Static Discharge         Conj/Air       0%         3-3/arc   98%         2
 Lightning Bolt           Conj/Air       0%         1d11      100%        5
 Maxwell's Capacitive Co  Air            0%         ∞         100%        8


Dungeon Overview and Level Annotations

Branches:
Dungeon (6/15)
 Temple: D:4-7

Altars:
Makhleb
Qazlal
Trog

Annotations:
D:3 2 transporters, 0gre's ghost, amateur GnFi


Innate Abilities, Weirdness & Mutations

You have a pair of horns on your head.
You reflexively headbutt those who attack you in melee.
You have a beak for a mouth.
You are dopey. (Int -2)
You expend magic power (3 MP) to strengthen your wands.


Message History

The bullfrog closely misses you.
You slash the bullfrog! You headbutt the bullfrog.
You kill the bullfrog!
Makhleb accepts your kill. The necrophage hits you.
A sky beast appears from thin air!
Reactivating autopickup.
You have reached level 8!
You feel stronger.
You closely miss the necrophage. The necrophage hits you.
* * * LOW HITPOINT WARNING * * *
You barely miss the necrophage. You block the necrophage's attack.
The necrophage hits you.
* * * LOW HITPOINT WARNING * * *
You feel drained.
You slash the necrophage! You peck the necrophage.
The necrophage is heavily damaged.
The necrophage hits you but does no damage.
The necrophage hits you.
* * * LOW HITPOINT WARNING * * *
You closely miss the necrophage. Your headbutt misses the necrophage.
The necrophage is heavily damaged.
The necrophage barely misses you.
You cannot read scrolls in your current state!
The necrophage attacks as you move away!
You block the necrophage's attack. The necrophage hits you.
* * * LOW HITPOINT WARNING * * *
The necrophage attacks as you move away!
The necrophage hits you.
* * * LOW HITPOINT WARNING * * *
You feel drained.
The sky beast flickers out of sight!
Deactivating autopickup; reactivate with Ctrl-A.
The necrophage hits you.
* * * LOW HITPOINT WARNING * * *
You slash the necrophage!
You destroy the necrophage!
Makhleb accepts your kill. Something hits you.
* * * LOW HITPOINT WARNING * * *
Something shocks you.
You die...

#........# #.....
#.####.#.#######.#.##
#<####.#.#.....#.#.##
#....#.#.#.#.#.#.#.##
#......#...#.#...#.##
#.##.#.#####.#####...
##......# #.# #...
#.......# #.# #...
#..##@### ... ...
#..##†###.# ### #..
#.....!...# ###
#.###.##### #)# #.#
#.# ..# ##.


There were no monsters in sight!

Vanquished Creatures
  Duvessa (D:5)
  An ice beast (D:6)
  2 ogres
  2 bullfrogs (D:6)
  2 necrophages
  A scorpion (D:4)
  Dowan (D:5)
  A hound (D:5)
  2 jellies
  Ijyb (D:5)
  2 orc wizards (D:4)
  2 iguanas
  4 adders
  A white imp (D:5)
  4 worms
  3 dart slugs
  14 orcs
  7 endoplasms
  4 giant cockroaches
  12 goblins
  9 hobgoblins
  5 kobolds
  3 quokkas
  5 ball pythons
  4 bats
  3 frilled lizards
  3 rats (D:2)
99 creatures vanquished.

Notes
Turn   | Place    | Note
-------+----------+-------------------------------------------
     0 | D:1      | wrenrar the Minotaur Fighter began the quest for the Orb.
     0 | D:1      | Reached XP level 1. HP: 19/19 MP: 0/0
   326 | D:1      | Reached skill level 3 in Axes
   347 | D:1      | Found a faded altar of an unknown god.
   380 | D:1      | Reached XP level 2. HP: 26/26 MP: 1/1
   982 | D:2      | Reached skill level 4 in Axes
   982 | D:2      | Reached XP level 3. HP: 31/31 MP: 2/2
  1460 | D:2      | Reached skill level 5 in Axes
  1817 | D:3      | Identified a scroll of acquirement
  1817 | D:3      | Acquired the +2 buckler "Yxzomau" {rF+}
  1951 | D:3      | Reached XP level 4. HP: 38/39 MP: 3/3
  2017 | D:3      | Found a burning altar of Makhleb.
  2024 | D:3      | Became a worshipper of Makhleb the Destroyer
  2068 | D:3      | Found a transporter.
  2070 | D:3      | Noticed 0gre's ghost (amateur GnFi)
  2071 | D:3      | Found a transporter.
  2445 | D:3      | Found a bloodstained altar of Trog.
  2536 | D:3      | Found a stormy altar of Qazlal.
  2538 | D:3      | Noticed a water elemental
  2538 | D:3      | Noticed an earth elemental
  2540 | D:3      | Noticed an air elemental
  2540 | D:3      | Noticed a fire elemental
  2581 | D:4      | Noticed an ogre
  2581 | D:4      | Noticed a scorpion
  2768 | D:4      | Killed a scorpion
  2769 | D:4      | Reached skill level 6 in Axes
  2769 | D:4      | Reached XP level 5. HP: 45/45 MP: 4/4
  2925 | D:4      | Killed an ogre
  2926 | D:4      | Reached skill level 7 in Axes
  2931 | D:4      | Reached XP level 6. HP: 35/51 MP: 5/5
  3447 | D:4      | Reached skill level 8 in Axes
  3970 | D:5      | Entered Level 5 of the Dungeon
  3970 | D:5      | Noticed Duvessa
  3970 | D:5      | Noticed Dowan
  3977 | D:5      | Killed Duvessa
  3980 | D:5      | Killed Dowan
  3981 | D:5      | Reached XP level 7. HP: 31/59 MP: 6/6
  3987 | D:5      | Reached * piety under Makhleb
  4706 | D:5      | Noticed Ijyb
  4711 | D:5      | Killed Ijyb
  5034 | D:5      | Lost intelligence.
  5034 | D:5      | Gained mutation: You are dopey. (Int -2) [potion of
                  | mutation]
  5034 | D:5      | Gained mutation: You expend magic power (3 MP) to
                  | strengthen your wands. [potion of mutation]
  5034 | D:5      | Gained mutation: You have a beak for a mouth. [potion of
                  | mutation]
  5335 | D:6      | Reached skill level 5 in Fighting
  5335 | D:6      | Reached skill level 5 in Armour
  5335 | D:6      | Reached skill level 5 in Shields
  5534 | D:6      | Reached XP level 8. HP: 22/69 MP: 7/7
  5541 | D:6      | Slain by a sky beast

Illustrated notes

Levels and vault maps discovered:
D:1:      eino_arrival_water_star, layout_loops_ring,
          dreamdust_ecumenical_altar_angels_and_demons, minmay_misc_feat_room,
          patterned_corridor
D:2:      layout_basic, minmay_fractal_squares_gapless_5
D:3:      layout_basic, general_overflow_altar,
          nicolae_qazlal_style_of_elements, lightli_temple_of_fire,
          gammafunk_ghost_arena
D:4:      layout_loops_ring, columned_hall_lemuel, chequers_garden
D:5:      layout_layer_cave, uniq_duvessa, uniq_ijyb
D:6:      layout_loops_cross, minmay_temple_entry_glass, serial_shops,
          nicolae_shop_statue_plus, minmay_misc_feat_ornament

Skill      XL: |  1  2  3  4  5  6  7 |
---------------+----------------------+-----
Axes           | 3 4 5 6 7 8 |  8.9
Fighting       | 4 5 |  5.5
Armour         | 4 5 |  5.5
Shields        | 4 5 |  5.5

Action                   |  1- 3 |  4- 6 |  7- 9 || total
-------------------------+-------+-------+-------++-------
Melee: War axe           |    75 |   101 |    60 ||   236
       Headbutt          |     8 |    15 |     8 ||    31
       Peck              |       |       |     4 ||     4
  Use: Scroll            |     4 |       |     5 ||     9
       Potion            |       |       |     8 ||     8
Armor: Scale mail        |    37 |    27 |    19 ||    83
Dodge: Dodged            |    27 |    35 |    21 ||    83
Block: Buckler           |    20 |    24 |    23 ||    67
